 Dungeon Crawl Stone Soup version 0.27.1-34-g3ba077fa99 (webtiles) character file.

Game seed: 8708809791244742152

1696721 Sharkman1231 the Middleweight Champion (level 27, 261/261 HPs)
             Began as a Ghoul Delver on Jan 23, 2022.
             Was the Champion of Makhleb.
             Escaped with the Orb
             ... and 3 runes on Jan 24, 2022!
             The game lasted 01:38:08 (73216 turns).

Sharkman1231 the Middleweight Champion (GhDe)      Turns: 73216, Time: 01:38:09

Health: 261/261    AC: 36    Str: 22 (23) XL:     27
Magic:  29/29      EV: 26    Int: 15      God:    Makhleb [******]
Gold:   1705       SH: 15    Dex: 17 (18) Spells: 18/26 levels left

rFire    + + +     SeeInvis .     - Unarmed
rCold    + + +     Faith    .   G - +1 kite shield {rC+}
rNeg     + + +     Spirit   .   v - +7 swamp dragon scales
rPois    ∞         Reflect  .   K - +1 helmet of Crawling {Str+3 Slay+3 Stlth+}
rElec    +         Harm     .   X - +2 cloak "Teptucuch" {Will+ Int+5 Dex+4}
rCorr    .         Rampage  .   W - +4 pair of gloves of Cowardice {+Blink rPois rF+ Int+3}
Will     ++++.                  L - +1 pair of boots "Qetzots" {*Slow +Blink rC+}
Stlth    ++........             Y - amulet of the Air {Inacc Air Fly rElec RMsl}
HPRegen  0.53/turn              B - +4 ring of evasion
MPRegen  0.21/turn              Q - ring "Hefeneis" {rPois rF+++ Will+ Dex-3 Slay+6}

@: flying, studying 3 skills, repel missiles
A: claws 1, cold resistance 1, negative energy resistance 3, inhibited
regeneration, torment resistance 2
0: Orb of Zot
}: 3/15 runes: decaying, silver, gossamer
a: Renounce Religion, Evoke Blink, Minor Destruction, Lesser Servant of Makhleb,
Major Destruction, Greater Servant of Makhleb


You escaped.
You worshipped Makhleb.
Makhleb was exalted by your worship.
You visited 10 branches of the dungeon, and saw 50 of its levels.
You visited 1 bazaar.
You also visited: Gauntlet, Ice Cave, Volcano and Wizlab.

You collected 9980 gold pieces.
You spent 8275 gold pieces at shops.

Inventory:

Missiles
 y - 13 curare-tipped darts (quivered)
 P - 5 throwing nets
Armour
 q - the +4 cloak "Samy" {rC+ Will+ Str-2 Int+5}
   (You found it in a wizard's laboratory)

   Str:       It affects your strength (-2).
   Int:       It affects your intelligence (+5).
   rC:        It protects you from cold.
   Will:      It increases your willpower.
 v - +7 swamp dragon scales (worn)
 z - the +5 cloak "Toapay" {Will+ Int+6 SInv}
   (You found it in a wizard's laboratory)

   Int:       It affects your intelligence (+6).
   SInv:      It lets you see invisible.
   Will:      It increases your willpower.
 D - the +2 cloak of the Thief {*Fog Slay-2 SInv Stlth+}
   (You found it in a wizard's laboratory)

   It may release a thick cloud of smoke when the wearer is hurt.
   Slay:      It affects your accuracy & damage with ranged weapons and melee
   (-2).
   SInv:      It lets you see invisible.
   Stlth:     It makes you more stealthy.
 G - a +1 kite shield of cold resistance (worn)
 K - the +1 helmet of Crawling (worn) {Str+3 Slay+3 Stlth+}
   (You found it in a Gauntlet)

   Str:       It affects your strength (+3).
   Slay:      It affects your accuracy & damage with ranged weapons and melee
   (+3).
   Stlth:     It makes you more stealthy.
 L - the +1 pair of boots "Qetzots" (worn) {*Slow +Blink rC+}
   (You found it in a Gauntlet)

   rC:        It protects you from cold.
   +Blink:    It lets you blink.
   *Slow:     It may slow you when you take damage.
 W - the +4 pair of gloves of Cowardice (worn) {+Blink rPois rF+ Int+3}
   (You bought it in a shop on level 2 of the Orcish Mines)

   Int:       It affects your intelligence (+3).
   rF:        It protects you from fire.
   rPois:     It protects you from poison.
   +Blink:    It lets you blink.
 X - the +2 cloak "Teptucuch" (worn) {Will+ Int+5 Dex+4}
   (You found it on level 13 of the Dungeon)

   Int:       It affects your intelligence (+5).
   Dex:       It affects your dexterity (+4).
   Will:      It increases your willpower.
Jewellery
 k - the ring "Olurij" {Wiz rCorr Str+3}
   (You found it on level 4 of the Vaults)

   [ring of wizardry]

   It improves your spell success rate.
   Str:       It affects your strength (+3).
   rCorr:     It protects you from acid and corrosion.
 l - the ring "Tagh" {rF+ rN+ Will- EV+4 Int+2}
   (You found it in a wizard's laboratory)

   [ring of evasion]

   EV:        It affects your evasion (+4).
   Int:       It affects your intelligence (+2).
   rF:        It protects you from fire.
   rN:        It protects you from negative energy.
   Will:      It decreases your willpower.
 r - the ring of Uqorext {rF+ SInv}
   (You found it on level 1 of the Depths)

   [ring of protection from fire]

   rF:        It protects you from fire.
   SInv:      It lets you see invisible.
 B - a +4 ring of evasion (left hand)
 C - a +4 ring of protection
 Q - the ring "Hefeneis" (right hand) {rPois rF+++ Will+ Dex-3 Slay+6}
   (You bought it in a shop on level 5 of the Vaults)

   [ring of willpower]

   Dex:       It affects your dexterity (-3).
   Slay:      It affects your accuracy & damage with ranged weapons and melee
   (+6).
   rF:        It renders you almost immune to fire.
   rPois:     It protects you from poison.
   Will:      It increases your willpower.
 R - an amulet of reflection
 V - the amulet "Opreil" {Spirit rElec rF- Will+}
   (You took it off a deep elf death mage on level 3 of the Elven Halls)

   [amulet of guardian spirit]

   It causes incoming damage to be divided between your reserves of health and
   magic.
   rF:        It makes you vulnerable to fire.
   rElec:     It insulates you from electricity.
   Will:      It increases your willpower.
 Y - the amulet of the Air (around neck) {Inacc Air Fly rElec RMsl}
   (You bought it in a shop on level 5 of the Depths)

   [amulet of nothing]

   It reduces the accuracy of all your attacks.
   It enhances your air magic.
   rElec:     It insulates you from electricity.
   Fly:       It grants you flight.
   RMsl:      It protects you from missiles.
Wands
 a - a wand of flame (34)
 f - a wand of digging (8)
 g - a wand of polymorph (20)
 u - a wand of acid (18)
 F - a wand of mindburst (72)
 M - a wand of charming (38)
 N - a wand of iceblast (54)
 S - a wand of paralysis (29)
Scrolls
 b - 15 scrolls of fog
 d - 9 scrolls of fear
 h - 5 scrolls of immolation
 n - 2 scrolls of summoning
 p - 5 scrolls of identify
 s - 3 scrolls of holy word
 x - 3 scrolls of blinking
 I - 8 scrolls of vulnerability
 J - 11 scrolls of teleportation
 U - a scroll of silence
Potions
 e - 14 potions of haste
 i - 10 potions of ambrosia
 j - 10 potions of brilliance
 m - 10 potions of heal wounds
 o - 4 potions of attraction
 t - a potion of invisibility
 w - 31 potions of curing
 A - 3 potions of magic
 E - 7 potions of might
 H - 5 potions of cancellation
 O - 6 potions of resistance
 T - 4 potions of flight
Miscellaneous
 Z - a condenser vane


   Skills:
 - Level 24.0 Fighting
 - Level 9.0 Throwing
 + Level 20.3 Armour
 + Level 19.3 Dodging
 - Level 10.0 Stealth
 - Level 15.0 Shields
 O Level 27 Unarmed Combat
 - Level 10.0 Invocations
 - Level 7.4 Evocations


You had 18 spell levels left.
You knew the following spells:

 Your Spells              Type           Power      Damage    Failure   Level
a - Apportation           Tloc           0%         N/A       34%         1
b - Blink                 Tloc           N/A        N/A       47%         2
c - Silence               Hex/Air        0%         N/A       100%        5

Your spell library contained the following spells:

 Spells                   Type           Power      Damage    Failure   Level
 Animate Skeleton         Necr           0%         N/A       34%         1
 Corona                   Hex            0%         N/A       34%         1
 Foxfire                  Conj/Fire      0%         2x1d4     34%         1
 Freeze                   Ice            0%         1d3       34%         1
 Magic Dart               Conj           0%         1d3       34%         1
 Pain                     Necr           0%         1d4       34%         1
 Sandblast                Erth           0%         2d4       34%         1
 Shock                    Conj/Air       0%         1d3       34%         1
 Summon Small Mammal      Summ           0%         N/A       34%         1
 Call Imp                 Summ           0%         N/A       47%         2
 Corpse Rot               Necr/Air       N/A        N/A       47%         2
 Ensorcelled Hibernation  Hex/Ice        0%         N/A       47%         2
 Passwall                 Tmut/Erth      0%         N/A       47%         2
 Searing Ray              Conj           0%         3d3       47%         2
 Slow                     Hex            0%         N/A       47%         2
 Static Discharge         Conj/Air       0%         N/A       47%         2
 Call Canine Familiar     Summ           0%         N/A       71%         3
 Confusing Touch          Hex            0%         N/A       71%         3
 Conjure Flame            Conj/Fire      0%         6-21      71%         3
 Gell's Gravitas          Tloc           0%         N/A       71%         3
 Inner Flame              Hex/Fire       0%         N/A       71%         3
 Lesser Beckoning         Tloc           0%         N/A       71%         3
 Ozocubu's Armour         Ice            0%         N/A       71%         3
 Portal Projectile        Hex/Tloc       0%         N/A       71%         3
 Teleport Other           Tloc           0%         N/A       71%         3
 Vampiric Draining        Necr           0%         2d6       71%         3
 Dispel Undead            Necr           0%         3d6       98%         4
 Fulminant Prism          Conj/Hex       0%         3d6       98%         4
 Hailstorm                Conj/Ice       0%         3d3       98%         4
 Iskenderun's Mystic Bla  Conj/Tloc      0%         2d3       98%         4
 Leda's Liquefaction      Hex/Erth       0%         N/A       98%         4
 Passage of Golubria      Tloc           N/A        N/A       98%         4
 Sticky Flame             Conj/Fire      0%         2d3       98%         4
 Summon Lightning Spire   Summ/Air       0%         N/A       98%         4
 Agony                    Necr           0%         N/A       100%        5
 Excruciating Wounds      Necr           0%         N/A       100%        5
 Freezing Cloud           Conj/Ice/Air   0%         6-21      100%        5
 Lee's Rapid Deconstruct  Erth           0%         3d5*      100%        5
 Manifold Assault         Tloc           0%         N/A       100%        5
 Metabolic Englaciation   Hex/Ice        0%         N/A       100%        5
 Summon Forest            Summ/Tloc      0%         N/A       100%        5
 Summon Mana Viper        Hex/Summ       0%         N/A       100%        5
 Conjure Ball Lightning   Conj/Air       0%         3x3d6     100%        6
 Death Channel            Necr           0%         N/A       100%        6
 Dispersal                Tloc           0%         N/A       100%        6
 Shadow Creatures         Summ           N/A        N/A       100%        6
 Simulacrum               Ice/Necr       0%         N/A       100%        6
 Orb of Destruction       Conj           0%         N/A       100%        7
 Summon Hydra             Summ           0%         N/A       100%        7
 Disjunction              Tloc           0%         N/A       100%        8
 Lehudib's Crystal Spear  Conj/Erth      0%         10d2      100%        8
 Maxwell's Capacitive Co  Air            0%         ∞         100%        8
 Summon Horrible Things   Summ           0%         N/A       100%        8
 Polar Vortex             Ice            0%         N/A       100%        9
 Sublimation of Blood     Necr           Unusable   N/A       N/A         2
 Wereblood                Tmut           Unusable   N/A       N/A         2
 Spider Form              Tmut/Pois      Unusable   N/A       N/A         3
 Ice Form                 Ice/Tmut       Unusable   N/A       N/A         4
 Storm Form               Tmut/Air       Unusable   N/A       N/A         7
 Borgnjor's Revivificati  Necr           Unusable   N/A       N/A         8
 Necromutation            Tmut/Necr      Unusable   N/A       N/A         8
 Death's Door             Necr           Unusable   N/A       N/A         9

Dungeon Overview and Level Annotations

Branches:
Dungeon (15/15)            Temple (1/1) D:7            Lair (6/6) D:9
  Swamp (4/4) Lair:2       Spider (4/4) Lair:4        Slime (0/5) Lair:5
    Orc (2/2) D:11            Elf (3/3) Orc:2        Vaults (5/5) D:13
  Crypt (0/3) Vaults:2     Depths (5/5) D:15            Zot (5/5) Depths:5
  IceCv (visited)         Volcano (visited)          WizLab (visited)
Gauntlet (visited)

Altars:
Ashenzari
Cheibriados
Elyvilon
Fedhas
Gozag
Hepliaklqana
Kikubaaqudgha
Makhleb
Nemelex Xobeh
Okawaru
Sif Muna
Trog
Uskayaw
Vehumet
Xom
Yredelemnul
Zin
The Shining One
Beogh

Shops:
D:5 =   D:14 [*:(*   Orc:2 ([[[[   Elf:1 *(*   Elf:3 [   Vaults:5 !?!!!??!=[
Depths:1 ::((   Depths:3 :   Depths:5 =:=

Portals:
Hell: Depths:1 Depths:2 Depths:3 Depths:4 Depths:5
Abyss: Zot:3 Depths:2 Depths:3 Depths:4
Pandemonium: Depths:3 Depths:4
Ziggurat: Depths:5

Annotations:
Lair:3 exclusion: 2 oklob plants
Spider:3 Roxanne
Zot:1 1 transporter
Zot:3 2 transporters, Umnobb's ghost, master GnFi


Innate Abilities, Weirdness & Mutations

You thrive by killing the living.
You are immune to poison.
You have sharp fingernails.
Your flesh is cold resistant. (rC+)
You are immune to negative energy. (rN+++)
You do not regenerate when monsters are visible.
You are immune to unholy pain and torment.


Message History

Press: ? - help, Shift-Dir - straight line A rock wall.
This square is covered in magical glow.
The rock shatters into small pieces.
Unknown command.
An ice devil comes into view.
There is a stone staircase leading up here.
Okay, then.
You fly upwards.
There is a stone staircase leading down here.
Your extra speed is starting to run out.
You feel yourself slow down.
A Brimstone Fiend comes into view.
You can't go up here!
You hit the Brimstone Fiend.
The Brimstone Fiend is lightly wounded.
You punch the Brimstone Fiend!
The Brimstone Fiend is lightly wounded.
You pummel the Brimstone Fiend!!
The Brimstone Fiend is heavily wounded.
The Brimstone Fiend hits you.
The Brimstone Fiend completely misses you.
You block the Brimstone Fiend's attack.
You punch the Brimstone Fiend!
The Brimstone Fiend is heavily wounded.
You squash the Brimstone Fiend like an ant!!!
You kill the Brimstone Fiend!
Makhleb accepts your kill.
You feel better.
No target in view!
(D) Dungeon (T) Temple (L) Lair (S) Swamp (N) Spider Nest (M) Slime Pits (O) Orcish Mines (E) Elven Halls (V) Vaults (C) Crypt (U) Depths (H) Hell (Z) Zot
Where to? (Enter - D:1 @ (x,y), ? - help)
You see here a +0 ring mail.
There is a staircase leading out of the dungeon here.
Drop what? 51/52 slots (_ for help) (? for menu, Esc to quit)
Okay, then.
You have escaped!

♣♣♣♣♣♣ ♣
♣♣♣P♣.P♣♣♣♣♣♣
≈≈≈♣♣♣....♣..P...♣♣
≈≈≈♣
♣.♣.♣♣♣♣♣..@..♣♣ ≈♣
♣♣.♣♣ ♣......♣ ♣♣
♣.♣♣ ♣.♣..♣♣♣ ♣♣[♣♣
♣♣..♣♣ ♣♣.♣ ♣♣.♣♣
♣♣♣..♣ ♣..♣ ♣
♣♣..♣♣♣ ♣♣.♣ ♣♣
♣♣.♣♣♣ ♣.♣ .♣♣♣.♣♣
♣♣♣.♣


There were no monsters in sight!

Vanquished Creatures
  6 dread liches
  3 orbs of fire (Zot:5)
  3 ancient liches
  Sojobo (Depths:2)
  6 Killer Klowns
  Bai Suzhen (Swamp:3)
  the Lernaean hydra (Swamp:4)
  Frederick (Depths:5)
  The ghost of Cheops the Slayer, a veteran FoFi of Qazlal (Vaults:4)
  11 caustic shrikes
  6 golden dragons
  4 curse toes
  3 bone dragons
  Arachne (Spider:4)
  2 electric golems (Zot:5)
  2 Brimstone Fiends
  2 Hell Sentinels
  27 Orb Guardians
  14 tentacled monstrosities
  The ghost of DemonSlayer the Severer, an adept DsBe of Trog (Spider:4)
  2 deep elf blademasters (Elf:3)
  3 deep elf master archers (Elf:3)
  Asterion (Spider:4)
  7 liches
  2 Executioners
  3 titans
  Frances (Spider:1)
  5 quicksilver dragons
  The ghost of KrombopulosMichael the Peltast, an adept FoAK of Lugonu (Swamp:3)
  A tentacled starspawn (WizLab)
  An eldritch tentacle (WizLab)
  2 thorn hunters
  11 sphinxes
  9 death cobs
  Agnes (D:14)
  14 tengu reavers
  Kirke (Spider:2)
  17 shadow dragons
  9 deep elf sorcerers
  Donald (Spider:2)
  4 draconian monks
  18 storm dragons
  7 fire giants
  The ghost of Puq Cuid the Slicer, an adept KoAK of Lugonu (Elf:2)
  2 cacodemons
  12 vault wardens
  7 ghost moths
  5 draconian scorchers
  6 draconian knights
  2 orc warlords
  10 frost giants
  A balrug (Depths:1)
  2 draconian shifters
  7 emperor scorpions
  Aizul (Spider:4)
  2 iron dragons
  A ghoul (Swamp:1)
  2 draconian stormcallers
  4 draconian annihilators
  5 war gargoyles
  3 deep elf elementalists (Elf:3)
  20 ironbound preservers
  2 spriggan defenders (Depths:4)
  20 very ugly things
  The ghost of KrombopulosMichael the Protected, a journeyman FoAK of Lugonu (Lair:5)
  19 stone giants
  A reaper (Zot:1)
  5 vampire knights
  2 deep elf demonologists
  9 deep elf annihilators
  A lorocyproca (Zot:1)
  5 black draconians
  15 green draconians
  2 yellow draconians
  2 entropy weavers (Spider:2)
  10 red draconians
  A minotaur (Gauntlet)
  8 purple draconians
  7 white draconians
  5 bunyips
  2 eidola
  4 spark wasps
  2 green deaths
  8 ettins
  11 deep elf death magi
  4 crystal guardians
  5 eleionomae
  Snorg (Lair:4)
  9 fire dragons
  16 yaktaur captains
  3 deep elf high priests
  5 rakshasas
  4 shambling mangroves
  23 hydras
  5 ice dragons
  32 vault guards
  3 great orbs of eyes
  5 boulder beetles
  2 spriggan air magi
  2 ogre magi (Orc:2)
  A monstrous demonspawn (Depths:4)
  4 ironbound thunderhulks
  3 ironbound frosthearts
  6 peacekeepers
  23 centaur warriors
  4 ghost crabs
  A two-headed ogre (shapeshifter) (Depths:5)
  7 alligators
  3 death knights
  18 two-headed ogres
  The ghost of zeram the Spry, a journeyman SpBr of Gozag (Orc:2)
  9 tengu warriors
  23 dancing weapons
  12 deep troll earth magi
  4 ironbound beastmasters
  11 spriggan berserkers
  9 deep troll shamans
  3 vampire magi
  Urug (D:10)
  4 thrashing horrors (WizLab)
  4 death yaks
  An orc high priest (Orc:2)
  7 hell knights
  A titan skeleton (Depths:3)
  4 skeletal warriors
  24 deep elf knights
  10 iron trolls
  65 deep trolls
  A sixfirhy (Depths:4)
  5 soul eaters
  A sun demon (Depths:1)
  7 goliath frogs
  2 storm dragon skeletons
  2 torturous demonspawn
  2 shadow wraiths
  2 death drakes (Zot:4)
  5 flayed ghosts
  The ghost of DrStoges the Magician, a novice DjFE of Gozag (D:8)
  2 obsidian statues
  4 glowing orange brains
  11 deep elf archers
  A golden dragon skeleton (Zot:4)
  5 phantasmal warriors
  A lindwurm (shapeshifter) (Vaults:5)
  12 wizards
  13 swamp dragons
  2 orc sorcerers
  9 orc knights
  An iron dragon zombie (Depths:3)
  6 bog bodies
  A shining eye (Depths:5)
  27 ironbound convokers
  8 necromancers
  34 deep elf pyromancers
  4 frost giant zombies
  20 orb spiders
  9 lindwurms
  60 ugly things
  4 will-o-the-wisps
  A tengu skeleton (Vaults:1)
  24 wolf spiders
  35 deep elf zephyrmancers
  5 manticores
  A stone giant zombie (Vaults:2)
  A salamander (Depths:1)
  2 oklob plants
  15 slime creatures
  7 cyclopes
  15 moths of wrath
  2 human skeletons
  2 worldbinders
  A guardian serpent (shapeshifter) (D:14)
  3 black mambas
  2 eyes of devastation (Depths:5)
  2 rust devils
  5 smoke demons
  9 torpor snails
  An ice statue (IceCv)
  20 vault sentinels
  4 molten gargoyles (D:15)
  A gargoyle (D:11)
  An orange demon (WizLab)
  A yaktaur zombie (Vaults:3)
  15 cane toads
  An unseen horror (D:14)
  8 rime drakes
  3 demonic crawlers
  5 tengu conjurers
  An elf skeleton (Vaults:3)
  Psyche (D:8)
  4 anaconda simulacra (IceCv)
  14 ice devils
  3 entropy weaver simulacra (IceCv)
  8 freezing wraiths
  10 komodo dragons
  26 yaktaurs
  An efreet (WizLab)
  3 hellwings
  2 polar bears
  A yaktaur skeleton (WizLab)
  Grinder (D:3)
  2 red devils
  22 jumping spiders
  10 tyrant leeches
  6 dream sheep (Lair:2)
  16 trolls
  A blink frog (shapeshifter) (D:14)
  A raiju (Gauntlet)
  21 hornets
  22 blink frogs
  2 spriggan zombies (Depths:3)
  5 air elementals
  A centaur simulacrum (D:15)
  2 large abominations
  65 redbacks
  10 wraiths
  A ynoxinul (Depths:3)
  7 spriggans
  5 shadows
  35 tarantellas
  25 yaks
  A vampire (D:14)
  6 water elementals
  A chaos spawn (Zot:3)
  Sigmund (D:3)
  2 golden eyes
  2 wyverns
  6 basilisks
  4 steam dragons
  2 hogs (Spider:2)
  6 fire elementals
  A neqoxec (Depths:5)
  31 vampire mosquitoes
  3 spatial vortices (WizLab)
  A warg (shapeshifter) (D:15)
  5 wargs
  10 death yak simulacra
  4 acid dragons
  11 swamp worms
  31 orc warriors
  16 water moccasins
  12 swamp drakes
  A floating eye (shapeshifter) (Vaults:5)
  2 floating eyes
  4 human zombies
  An ice beast (Vaults:1)
  29 ogres
  A black bear (Lair:4)
  7 boggarts
  2 black mamba simulacra (Lair:5)
  20 centaurs
  16 wolves
  2 phantoms
  A kobold brigand (D:11)
  7 bullfrogs
  4 scorpions
  4 cane toad simulacra
  3 earth elementals
  A glowing shapeshifter simulacrum (Vaults:1)
  3 water moccasin zombies
  A two-headed ogre simulacrum (IceCv)
  A water moccasin skeleton (D:7)
  A blink frog simulacrum (Lair:5)
  A dream sheep simulacrum (Lair:5)
  9 killer bees (D:9)
  4 elephant simulacra (IceCv)
  A human simulacrum (Vaults:1)
  2 troll zombies (D:11)
  2 howler monkeys
  5 spriggan skeletons (D:14)
  A troll skeleton (D:14)
  An electric eel (Lair:6)
  A torpor snail simulacrum (Lair:5)
  A bullfrog zombie (D:6)
  4 centaur zombies
  3 crimson imps (Gauntlet)
  2 hounds
  A bullfrog skeleton (D:5)
  29 orc priests
  A gnoll shaman (D:7)
  6 jellies
  Ijyb (D:3)
  5 iguanas
  31 orc wizards
  2 lightning spires (Gauntlet)
  A spriggan simulacrum (IceCv)
  2 troll simulacra (IceCv)
  2 polar bear simulacra (IceCv)
  A killer bee zombie (D:5)
  2 wolf simulacra (IceCv)
  6 ogre zombies (D:11)
  A hound zombie (D:5)
  A mummy (D:11)
  Robin (D:3)
  9 gnolls
  A howler monkey zombie (D:8)
  A naga simulacrum (IceCv)
  17 adders
  13 white imps
  2 ufetubi
  A worm (D:3)
  A dart slug (D:4)
  86 orcs
  5 ball pythons
  20 endoplasms
  8 giant cockroaches
  13 goblins
  7 hobgoblins
  17 kobolds
  4 quokkas
  4 bats
  3 frilled lizards
  2 goblin zombies (D:11)
  2 hobgoblin skeletons (D:11)
  5 hobgoblin zombies (D:11)
  2 orc skeletons (D:11)
  14 orc zombies (D:11)
  3 rats
  2 briar patches (Swamp:1)
  2 starspawn tentacles (WizLab)
2263 creatures vanquished.

Vanquished Creatures (collateral kills)
  A tentacled monstrosity (Zot:3)
  Rupert (D:14)
  A black draconian (Zot:3)
  A yellow draconian (Zot:3)
  A moth of wrath (Zot:3)
  A hornet (Lair:6)
6 creatures vanquished.

Vanquished Creatures (others)
  A draconian scorcher (Zot:3)
  A deep elf knight (Elf:2)
  2 wizards
  A lindwurm (Lair:6)
  4 deep elf zephyrmancers
  2 deep elf pyromancers
  A wolf spider (Spider:1)
  Maurice (D:12)
  A bloated husk (Swamp:2)
  A redback (Spider:3)
  A tarantella (Spider:3)
  A human (Spider:3)
  An orc wizard (D:7)
  2 kobolds (D:8)
  2 butterflies
  A demonic plant (Gauntlet)
  18 foxfires
  18 fungi
  89 plants
  8 toadstools (D:2)
156 creatures vanquished.

Grand Total: 2425 creatures vanquished

Notes
Turn   | Place    | Note
-------+----------+-------------------------------------------
     0 | D:5      | Sharkman1231 the Ghoul Delver began the quest for the Orb.
     0 | D:5      | Reached XP level 1. HP: 19/19 MP: 0/0
   173 | D:5      | Noticed an ogre
   266 | D:6      | Noticed a scorpion
   279 | D:6      | Killed a scorpion
   280 | D:6      | Reached skill level 3 in Unarmed Combat
   280 | D:6      | Reached XP level 2. HP: 8/27 MP: 1/1
   280 | D:6      | Reached XP level 3. HP: 10/33 MP: 2/2
   280 | D:6      | Reached XP level 4. HP: 13/40 MP: 3/3
   507 | D:6      | Noticed a centaur
   750 | D:6      | HP: 2/40 [centaur (3)]
   751 | D:6      | Killed a centaur
   752 | D:6      | Reached skill level 4 in Unarmed Combat
   752 | D:6      | Reached XP level 5. HP: 2/46 MP: 4/4
  1456 | D:6      | Reached skill level 5 in Unarmed Combat
  1456 | D:6      | Reached XP level 6. HP: 25/53 MP: 5/5
  1705 | D:4      | Noticed a +0 short sword
  1705 | D:4      | Noticed a +0 dagger
  1705 | D:4      | Noticed a +0 falchion
  1706 | D:4      | Noticed a +0 spear
  1707 | D:4      | Noticed a +0 falchion
  1707 | D:4      | Noticed a +0 dagger
  1707 | D:4      | Noticed a +0 spear
  1709 | D:4      | Noticed a +0 short sword
  1716 | D:4      | Found a hide-covered altar of Uskayaw.
  1760 | D:4      | Found a shimmering blue altar of Sif Muna.
  1783 | D:3      | Noticed Grinder
  1970 | D:3      | Paralysed by Grinder for 7 turns
  2197 | D:3      | Killed Grinder
  2198 | D:3      | Reached skill level 5 in Fighting
  2198 | D:3      | Reached skill level 6 in Unarmed Combat
  2198 | D:3      | Reached XP level 7. HP: 38/61 MP: 6/6
  2346 | D:3      | Noticed Sigmund
  2620 | D:3      | Killed Sigmund
  2824 | D:2      | Reached skill level 7 in Unarmed Combat
  2957 | D:4      | Reached XP level 8. HP: 52/70 MP: 7/7
  3577 | D:5      | Reached skill level 1 in Shields
  3832 | D:5      | Reached skill level 8 in Unarmed Combat
  4017 | D:5      | Noticed a shadow
  4027 | D:5      | Killed a shadow
  4028 | D:5      | Reached skill level 5 in Dodging
  4117 | D:5      | Found a sparkling altar of Nemelex Xobeh.
  4322 | D:5      | Found Femen's Jewellery Shop.
  4376 | D:5      | Reached XP level 9. HP: 76/78 MP: 8/8
  5176 | D:6      | Reached skill level 9 in Unarmed Combat
  6085 | D:7      | Noticed Maggie
  6087 | D:7      | Noticed Maggie
  6087 | D:7      | Maggie changed into Maggie the acid dragon
  6088 | D:7      | Noticed Maggie
  6088 | D:7      | Maggie the acid dragon changed into Maggie the golden eye
  6139 | D:7      | Killed Maggie the golden eye
  6254 | D:7      | Found a staircase to the Ecumenical Temple.
  6304 | Temple   | Entered the Ecumenical Temple
  6557 | Temple   | Became a worshipper of Makhleb the Destroyer
  6662 | D:7      | Reached skill level 10 in Unarmed Combat
  6876 | D:7      | Found an ancient bone altar of Kikubaaqudgha.
  6877 | D:7      | Found a blossoming altar of Fedhas.
  8263 | D:2      | Found a faded altar of an unknown god.
  8364 | D:2      | Reached * piety under Makhleb
  8903 | D:3      | Noticed Ijyb
  8917 | D:3      | Killed Ijyb
  9046 | D:3      | Noticed Robin
  9084 | D:3      | Reached ** piety under Makhleb
  9099 | D:3      | Killed Robin
  9175 | D:3      | Reached XP level 10. HP: 86/88 MP: 9/9
  9182 | D:3      | Reached skill level 1 in Invocations
 10144 | D:8      | Noticed Psyche
 10236 | D:8      | Killed Psyche
 10427 | D:8      | Reached *** piety under Makhleb
 10674 | D:8      | Found a runed translucent gate.
 10674 | D:8      | Found a runed translucent gate.
 10675 | D:8      | Found a runed translucent gate.
 10843 | D:8      | Noticed DrStoges's ghost (novice DjFE)
 10925 | D:8      | Found an iron altar of Okawaru.
 10929 | D:8      | Found a basalt altar of Yredelemnul.
 11046 | D:8      | Reached skill level 11 in Unarmed Combat
 11342 | D:8      | Killed DrStoges's ghost
 11583 | D:9      | Identified a scroll of acquirement
 11585 | D:9      | Acquired 1311 gold pieces
 11628 | D:9      | Noticed a two-headed ogre
 11637 | D:9      | Killed a two-headed ogre
 11638 | D:9      | Reached XP level 11. HP: 97/97 MP: 11/13
 11814 | D:9      | Reached skill level 12 in Unarmed Combat
 11903 | D:9      | Found a staircase to the Lair.
 11917 | D:9      | Noticed a two-headed ogre
 11922 | D:9      | Noticed a two-headed ogre
 11926 | D:9      | Killed a two-headed ogre
 11927 | D:9      | Reached skill level 1 in Throwing
 11936 | D:9      | Killed a two-headed ogre
 11937 | D:9      | Reached skill level 5 in Invocations
 12516 | D:9      | Reached **** piety under Makhleb
 12627 | D:10     | Entered Level 10 of the Dungeon
 12647 | D:10     | Noticed a boulder beetle
 12648 | D:10     | Noticed a two-headed ogre
 12696 | Lair:1   | Entered Level 1 of the Lair of Beasts
 13322 | Lair:1   | Noticed a four-headed hydra
 13798 | Lair:1   | Killed a four-headed hydra
 14611 | Lair:1   | Reached XP level 12. HP: 97/106 MP: 15/15
 14748 | Lair:2   | Noticed an eight-headed hydra
 14812 | Lair:2   | Killed an eight-headed hydra
 14842 | Lair:2   | Reached skill level 13 in Unarmed Combat
 14848 | Lair:2   | Reached skill level 10 in Fighting
 14952 | Lair:2   | Found a dark tunnel.
 14958 | Volcano  | Entered a volcano
 14976 | Volcano  | Noticed a stone giant
 15200 | Lair:2   | Found a staircase to the Swamp.
 15277 | Lair:2   | Reached skill level 5 in Throwing
 15679 | Lair:2   | Noticed a death yak
 15682 | Lair:2   | Noticed a death yak
 15683 | Lair:2   | Noticed a death yak
 16402 | Lair:2   | Killed a death yak
 16414 | Lair:2   | Killed a death yak
 16429 | Lair:2   | Killed a death yak
 17039 | Lair:3   | Noticed an eight-headed hydra
 17052 | Lair:3   | Killed an eight-headed hydra
 17053 | Lair:3   | Reached skill level 14 in Unarmed Combat
 17377 | Lair:3   | Reached XP level 13. HP: 115/115 MP: 17/17
 18420 | Lair:4   | Found a gate leading to a gauntlet.
 18438 | Gauntlet | Entered a Gauntlet
 18438 | Gauntlet | Found a transporter.
 18445 | Gauntlet | Found a transporter.
 18447 | Gauntlet | Found a transporter.
 18460 | Gauntlet | Found a transporter.
 18461 | Gauntlet | Found a transporter.
 18468 | Gauntlet | Found a transporter.
 18484 | Gauntlet | Noticed a dire elephant
 18487 | Gauntlet | Found a transporter.
 18497 | Gauntlet | Found a transporter.
 18508 | Gauntlet | Found a transporter.
 18522 | Gauntlet | Found a transporter.
 18536 | Gauntlet | Found a transporter.
 18536 | Gauntlet | Found a transporter.
 18576 | Gauntlet | Found a transporter.
 18593 | Gauntlet | Found a transporter.
 18727 | Gauntlet | Identified the +1 helmet of Crawling {Str+3 Slay+3 Stlth+}
 18966 | Gauntlet | Identified the +1 pair of boots "Qetzots" {*Slow +Blink
                  | rC+}
 19021 | Gauntlet | Noticed a minotaur
 19030 | Gauntlet | Killed a minotaur
 19035 | Gauntlet | Identified the +9 glaive of Qoiwk {vorpal, Fragile rPois
                  | rCorr Str+3}
 19653 | Lair:4   | Noticed Snorg
 19665 | Lair:4   | Killed Snorg
 19665 | Lair:4   | Reached ***** piety under Makhleb
 20133 | Lair:4   | Found a hole to the Spider Nest.
 20141 | Lair:4   | Reached skill level 15 in Unarmed Combat
 20255 | Lair:5   | Found a staircase to the Slime Pits.
 20422 | Lair:5   | Found a runed translucent gate.
 20422 | Lair:5   | Found a runed translucent gate.
 20422 | Lair:5   | Found a runed translucent gate.
 20921 | Lair:5   | Noticed KrombopulosMichael's ghost (journeyman FoAK)
 21577 | Lair:5   | Killed KrombopulosMichael's ghost
 21584 | Lair:5   | Reached skill level 10 in Stealth
 21746 | Lair:6   | Entered Level 6 of the Lair of Beasts
 21752 | Lair:6   | Identified the +5 short sword of the Hierophant {drain,
                  | Stlth+}
 21777 | Lair:6   | Reached skill level 10 in Invocations
 21813 | Lair:6   | Reached skill level 1 in Armour
 21820 | Lair:6   | Reached XP level 14. HP: 126/126 MP: 20/20
 22193 | Lair:6   | Reached skill level 5 in Armour
 22540 | Lair:6   | Found a runed translucent door.
 24368 | D:10     | Noticed Urug
 24378 | D:10     | Killed Urug
 24495 | D:10     | Found a shimmering altar of Xom.
 25209 | D:11     | Found a snail-covered altar of Cheibriados.
 25242 | D:11     | Reached ****** piety under Makhleb
 25264 | D:11     | Found a staircase to the Orcish Mines.
 26134 | D:12     | Found a flickering gateway to a bazaar.
 26141 | Bazaar   | Entered a bazaar
 26141 | Bazaar   | Found Viwky's Antique Weapon Shop.
 26141 | Bazaar   | Found Kyqeedoqe's Assorted Antiques.
 26141 | Bazaar   | Found Abuil's Distillery.
 26141 | Bazaar   | Found Voda's Distillery.
 26161 | Bazaar   | Bought a potion of curing for 42 gold pieces
 26161 | Bazaar   | Bought a potion of haste for 140 gold pieces
 26161 | Bazaar   | Bought a potion of might for 56 gold pieces
 26161 | Bazaar   | Bought a potion of might for 56 gold pieces
 26163 | Bazaar   | Bought a potion of ambrosia for 72 gold pieces
 26163 | Bazaar   | Bought a potion of curing for 27 gold pieces
 26163 | Bazaar   | Bought a potion of curing for 27 gold pieces
 26163 | Bazaar   | Bought a potion of curing for 27 gold pieces
 26163 | Bazaar   | Bought a potion of curing for 27 gold pieces
 26163 | Bazaar   | Bought a potion of haste for 90 gold pieces
 26163 | Bazaar   | Bought a potion of cancellation for 72 gold pieces
 26163 | Bazaar   | Bought a potion of resistance for 90 gold pieces
 26163 | Bazaar   | Bought a potion of might for 36 gold pieces
 26163 | Bazaar   | Bought a potion of heal wounds for 45 gold pieces
 26165 | Bazaar   | Bought a scroll of teleportation for 54 gold pieces
 26165 | Bazaar   | Bought a scroll of fear for 63 gold pieces
 26185 | D:12     | Got Gaes's Papyrus of Dislocation
 26933 | D:12     | Reached skill level 10 in Armour
 27187 | D:11     | Reached XP level 15. HP: 50/132 MP: 21/21
 27573 | D:12     | Noticed Maurice
 27625 | D:12     | Killed Maurice
 28041 | D:12     | Got the Catalogue of Enchantment
 28211 | D:13     | Noticed Sonja
 28214 | D:13     | Noticed Sonja
 28214 | D:13     | Sonja changed into Sonja the golden eye
 28228 | D:13     | Killed Sonja the golden eye
 28645 | D:13     | Found a gate to the Vaults.
 28678 | D:13     | Identified the +2 cloak "Teptucuch" {Will+ Int+5 Dex+4}
 28906 | D:13     | Reached skill level 16 in Unarmed Combat
 29097 | D:14     | Noticed Rupert
 29097 | D:14     | Noticed Agnes
 29097 | D:14     | Found Onotwa's Weapon Emporium.
 29168 | D:14     | Found Paompatt's Armour Boutique.
 29262 | D:14     | Found Neatzur's Assorted Antiques.
 29270 | D:14     | Bought a potion of curing for 75 gold pieces
 29270 | D:14     | Bought a scroll of fear for 87 gold pieces
 29292 | D:14     | Bought a scroll of identify for 50 gold pieces
 29334 | D:14     | Killed Rupert
 29349 | D:14     | Killed Agnes
 29553 | D:14     | Found Xealiol's General Store.
 29570 | D:14     | Reached skill level 17 in Unarmed Combat
 29614 | D:14     | Bought a potion of heal wounds for 75 gold pieces
 29614 | D:14     | Bought a potion of curing for 45 gold pieces
 29614 | D:14     | Bought a scroll of identify for 30 gold pieces
 29614 | D:14     | Bought a potion of might for 60 gold pieces
 29924 | D:14     | Found Suakk's Book Boutique.
 29993 | D:14     | Noticed a tengu reaver
 29999 | D:14     | Killed a tengu reaver
 30261 | D:15     | Entered Level 15 of the Dungeon
 30620 | D:15     | Reached XP level 16. HP: 123/139 MP: 22/22
 30688 | D:15     | Reached skill level 18 in Unarmed Combat
 31180 | D:15     | Found a staircase to the Depths.
 31547 | Orc:1    | Entered Level 1 of the Orcish Mines
 31704 | Orc:1    | Found a frozen archway.
 31763 | IceCv    | Entered an ice cave
 32087 | IceCv    | Found an ancient bone altar of Kikubaaqudgha.
 32184 | IceCv    | Reached skill level 19 in Unarmed Combat
 32676 | Orc:2    | Entered Level 2 of the Orcish Mines
 32676 | Orc:2    | Found Uryolen's Armour Shop.
 32713 | Orc:2    | Found Veuqyum's Antique Armour Shoppe.
 32716 | Orc:2    | Found Muluv's Antique Armour Shoppe.
 32812 | Orc:2    | Reached skill level 5 in Shields
 32960 | Orc:2    | Found a staircase to the Elven Halls.
 32977 | Orc:2    | Found Weetaer's Armour Boutique.
 32978 | Orc:2    | Found Biriv's Antique Weapon Boutique.
 33123 | Orc:2    | Bought the +4 pair of gloves of Cowardice {+Blink rPois rF+
                  | Int+3} for 896 gold pieces
 33347 | Orc:2    | Noticed zeram's ghost (journeyman SpBr)
 33348 | Orc:2    | Found a runed translucent gate.
 33348 | Orc:2    | Found a runed translucent gate.
 33348 | Orc:2    | Found a runed translucent gate.
 33351 | Orc:2    | Identified the +1 plate armour of Weightlessness {Dex+4}
 33769 | Orc:1    | Found a shimmering blue altar of Sif Muna.
 33964 | Orc:2    | Killed zeram's ghost
 34355 | Spider:1 | Entered Level 1 of the Spider Nest
 34386 | Spider:1 | Reached XP level 17. HP: 144/146 MP: 23/23
 34409 | Spider:1 | Reached skill level 20 in Unarmed Combat
 34563 | Spider:1 | Got the Handbook of the Neverending Beasts
 34575 | Spider:1 | Noticed Frances
 34585 | Spider:1 | Killed Frances
 35104 | Spider:2 | Noticed Donald
 35117 | Spider:2 | Killed Donald
 35815 | Spider:3 | Noticed Kirke
 36008 | Spider:2 | Killed Kirke
 37122 | Spider:3 | Reached skill level 21 in Unarmed Combat
 37167 | Spider:3 | Identified Roxanne's Collected Works on Clay
 37167 | Spider:3 | Noticed Roxanne
 37764 | Spider:4 | Entered Level 4 of the Spider Nest
 37764 | Spider:4 | Noticed Asterion
 37873 | Spider:4 | Noticed Aizul
 37880 | Spider:4 | Reached skill level 10 in Shields
 37900 | Spider:4 | Killed Aizul
 37933 | Spider:4 | Noticed Arachne
 37944 | Spider:4 | Killed Arachne
 37945 | Spider:4 | Reached XP level 18. HP: 154/154 MP: 24/24
 37987 | Spider:4 | Killed Asterion
 37992 | Spider:4 | Got a gossamer rune of Zot
 38708 | Spider:4 | Found a runed translucent gate.
 38709 | Spider:4 | Found a runed translucent gate.
 38710 | Spider:4 | Found a runed translucent gate.
 38712 | Spider:4 | Noticed DemonSlayer's ghost (adept DsBe)
 39439 | Spider:4 | Killed DemonSlayer's ghost
 39663 | Swamp:1  | Entered Level 1 of the Swamp
 40269 | Swamp:1  | Reached skill level 22 in Unarmed Combat
 40893 | Swamp:1  | Learned a level 1 spell: Apportation
 41514 | Swamp:2  | Got the Catalogue of Icy Summoning
 42111 | Swamp:3  | Noticed Bai Suzhen
 42429 | Swamp:3  | Reached XP level 19. HP: 160/160 MP: 25/25
 42685 | Swamp:3  | Killed Bai Suzhen
 42777 | Swamp:3  | Found a large runed translucent door.
 42777 | Swamp:3  | Found a large runed translucent door.
 42778 | Swamp:3  | Noticed KrombopulosMichael's ghost (adept FoAK)
 42778 | Swamp:3  | Found the +7 lajatang of Order {silver, rMut}
 43001 | Swamp:3  | Identified the +3 hand axe "Hezix" {elec, rC+ Will+}
 43149 | Swamp:3  | Killed KrombopulosMichael's ghost
 43333 | Swamp:4  | Entered Level 4 of the Swamp
 43333 | Swamp:4  | Found the +0 staff of Battle
 43778 | Swamp:4  | Noticed the 27-headed Lernaean hydra
 43982 | Swamp:4  | Killed the 27-headed Lernaean hydra
 44345 | Swamp:4  | Got a decaying rune of Zot
 44867 | Elf:1    | Entered Level 1 of the Elven Halls
 45198 | Elf:1    | Paralysed by an air elemental for 1 turns
 45268 | Elf:1    | Got the Papyrus of the Barber Surgeon
 45316 | Elf:1    | Found Diururou's Assorted Antiques.
 45332 | Elf:1    | Found Keal's Antique Weapon Shoppe.
 45334 | Elf:1    | Found Tuxuu's General Store.
 45352 | Elf:1    | Reached skill level 15 in Shields
 45416 | Elf:1    | Bought a potion of heal wounds for 85 gold pieces
 45416 | Elf:1    | Bought a scroll of immolation for 59 gold pieces
 45421 | Elf:1    | Bought a potion of haste for 330 gold pieces
 46113 | Elf:2    | Found a runed translucent door.
 46113 | Elf:2    | Noticed Puq Cuid's ghost (adept KoAK)
 46157 | Elf:2    | Reached skill level 23 in Unarmed Combat
 46216 | Elf:2    | Found a runed translucent gate.
 46217 | Elf:2    | Found a runed translucent gate.
 46217 | Elf:2    | Found a runed translucent gate.
 46260 | Elf:2    | Reached XP level 20. HP: 131/168 MP: 26/26
 46450 | Elf:2    | Paralysed by an air elemental for 1 turns
 46556 | Elf:2    | Paralysed by an air elemental for 1 turns
 47649 | Elf:2    | Killed Puq Cuid's ghost
 47683 | Elf:3    | Entered Level 3 of the Elven Halls
 47747 | Elf:3    | Reached skill level 24 in Unarmed Combat
 48361 | Elf:3    | Identified the +10 scimitar of Equocas {venom, rElec Will+
                  | Int+4}
 48924 | Elf:3    | Found Cihehietacw's Armour Emporium.
 49669 | Elf:3    | Identified the +1 leather armour of Resilience {Str+4}
 49669 | Elf:3    | Identified the amulet "Opreil" {Spirit rElec rF- Will+}
 49670 | Elf:3    | Identified the +0 leather armour "Utek" {*Slow rF+++ rCorr
                  | Str+2}
 49729 | Elf:3    | Identified the +8 scale mail "Ahymekk" {rC+ rN+}
 49754 | Elf:3    | Reached skill level 25 in Unarmed Combat
 49820 | Elf:3    | Reached XP level 21. HP: 117/174 MP: 27/27
 50283 | Elf:3    | Got Hiulig's Volume of the Glacier
 50636 | Vaults:1 | Entered Level 1 of the Vaults
 51597 | Vaults:1 | Reached skill level 26 in Unarmed Combat
 51858 | Vaults:1 | Found the +18 shield of the Gong {rElec rN+ Will+ EV-5}
 52780 | Vaults:2 | Acquired a manual of Invocations
 53164 | Vaults:2 | Found a staircase to the Crypt.
 53507 | Vaults:3 | Reached XP level 22. HP: 181/181 MP: 28/28
 53533 | Vaults:3 | Noticed a golden dragon
 53541 | Vaults:3 | Killed a golden dragon
 53586 | Vaults:3 | Reached skill level 27 in Unarmed Combat
 54842 | Vaults:4 | Reached skill level 15 in Fighting
 55417 | Vaults:4 | Identified the ring "Olurij" {Wiz rCorr Str+3}
 55551 | Vaults:4 | Reached XP level 23. HP: 204/204 MP: 29/29
 55646 | Vaults:4 | Found a runed translucent gate.
 55646 | Vaults:4 | Found a runed translucent gate.
 55646 | Vaults:4 | Found a runed translucent gate.
 55648 | Vaults:4 | Noticed Cheops's ghost (veteran FoFi)
 56376 | Vaults:4 | Killed Cheops's ghost
 56470 | Vaults:5 | Entered Level 5 of the Vaults
 56962 | Vaults:5 | Found Lalo's Distillery.
 56976 | Vaults:5 | Bought a potion of curing for 48 gold pieces
 56976 | Vaults:5 | Bought a potion of curing for 48 gold pieces
 56976 | Vaults:5 | Bought a potion of heal wounds for 80 gold pieces
 57003 | Vaults:5 | Found Axeeph's Distillery.
 57013 | Vaults:5 | Bought a potion of might for 92 gold pieces
 57013 | Vaults:5 | Bought a potion of curing for 69 gold pieces
 57013 | Vaults:5 | Bought a potion of resistance for 230 gold pieces
 57021 | Vaults:5 | Found Jaarecwaps's Distillery.
 57027 | Vaults:5 | Bought a potion of curing for 57 gold pieces
 57027 | Vaults:5 | Bought a potion of curing for 57 gold pieces
 57027 | Vaults:5 | Bought a potion of heal wounds for 95 gold pieces
 57027 | Vaults:5 | Bought 2 potions of haste for 380 gold pieces
 57027 | Vaults:5 | Bought 2 potions of cancellation for 304 gold pieces
 57027 | Vaults:5 | Bought a potion of might for 76 gold pieces
 57051 | Vaults:5 | Found Myheb's Magic Scroll Boutique.
 57058 | Vaults:5 | Bought a scroll of blinking for 135 gold pieces
 57058 | Vaults:5 | Bought a scroll of enchant armour for 135 gold pieces
 57058 | Vaults:5 | Bought a scroll of enchant armour for 135 gold pieces
 57058 | Vaults:5 | Bought a scroll of fog for 36 gold pieces
 57197 | Vaults:5 | Noticed an ancient lich
 57211 | Vaults:5 | Killed an ancient lich
 57346 | Vaults:5 | Noticed an ancient lich
 57346 | Vaults:5 | Noticed a dread lich
 57357 | Vaults:5 | Killed a dread lich
 57365 | Vaults:5 | Killed an ancient lich
 57366 | Vaults:5 | Reached XP level 24. HP: 209/225 MP: 22/29
 57620 | Vaults:5 | Found Widaxudgh's Jewellery Boutique.
 57724 | Vaults:5 | Found Yggey's Antique Armour Boutique.
 57892 | Vaults:5 | Found Nuvap's Distillery.
 58073 | Vaults:5 | Got a silver rune of Zot
 58312 | Vaults:5 | Found Veckisymm's Distillery.
 58322 | Vaults:5 | Bought a potion of cancellation for 120 gold pieces
 58322 | Vaults:5 | Bought a potion of heal wounds for 75 gold pieces
 58322 | Vaults:5 | Bought a potion of heal wounds for 75 gold pieces
 58322 | Vaults:5 | Bought a potion of haste for 150 gold pieces
 58377 | Vaults:5 | Found Ryunamne's Magic Scroll Emporium.
 58393 | Vaults:5 | Bought a scroll of enchant armour for 165 gold pieces
 58393 | Vaults:5 | Bought 3 scrolls of fear for 231 gold pieces
 58393 | Vaults:5 | Bought 2 scrolls of teleportation for 132 gold pieces
 58393 | Vaults:5 | Bought a scroll of teleportation for 66 gold pieces
 58410 | Vaults:5 | Found Baetic's Magic Scroll Shop.
 58701 | Vaults:5 | Identified the +5 rapier "Pikeuxo" {flame, Dex+3}
 58827 | Vaults:5 | Bought the ring "Hefeneis" {rPois rF+++ Will+ Dex-3 Slay+6}
                  | for 1892 gold pieces
 59164 | Depths:1 | Entered Level 1 of the Depths
 59395 | Depths:1 | Found a broken altar of Ashenzari.
 59601 | Depths:1 | Found Vofet's Book Emporium.
 59602 | Depths:1 | Found Yrelais's Antique Weapon Shoppe.
 59602 | Depths:1 | Found Foetoec's Book Emporium.
 59608 | Depths:1 | Found Qausitz's Antique Weapon Shoppe.
 59662 | Depths:1 | Found the +6 arbalest "Damnation" {damnation}
 59685 | Depths:1 | Identified the -1 hat of the Villain {rF+}
 59886 | Depths:1 | Found a gateway to Hell.
 59897 | Depths:1 | Identified the ring of Uqorext {rF+ SInv}
 60180 | Depths:2 | Found a one-way gate to the infinite horrors of the Abyss.
 60237 | Depths:2 | Reached XP level 25. HP: 220/243 MP: 26/29
 60284 | Depths:2 | Noticed Sojobo
 60308 | Depths:2 | Killed Sojobo
 60350 | Depths:2 | Found a magical portal.
 60361 | WizLab   | Entered The Roulette of Golubria
 60361 | WizLab   | Found a transporter.
 60382 | WizLab   | Found a corrupted altar of Lugonu.
 60383 | WizLab   | Found the +2 cloak of the Thief {*Fog Slay-2 SInv Stlth+}
 60420 | WizLab   | Found a transporter.
 60467 | WizLab   | Found a transporter.
 60474 | WizLab   | Found a transporter.
 60506 | WizLab   | Found a transporter.
 60526 | WizLab   | Found a transporter.
 60528 | WizLab   | Found a corrupted altar of Lugonu.
 60582 | WizLab   | Found a transporter.
 60582 | WizLab   | Found a transporter.
 60620 | WizLab   | Found a corrupted altar of Lugonu.
 60625 | WizLab   | Found a transporter.
 60677 | WizLab   | Found a transporter.
 60729 | WizLab   | Found a transporter.
 60865 | WizLab   | Found a transporter.
 60893 | WizLab   | Found a transporter.
 60893 | WizLab   | Found a transporter.
 60929 | WizLab   | Found a transporter.
 60929 | WizLab   | Found a transporter.
 60967 | WizLab   | Found a transporter.
 60967 | WizLab   | Found a transporter.
 60983 | WizLab   | Got Wescheuch's Compendium of Dislocation
 61042 | WizLab   | Found a transporter.
 61052 | WizLab   | Reached skill level 1 in Evocations
 61067 | WizLab   | Identified the +2 cloak of Indomitability {Fly rF+ Dex-2}
 61069 | WizLab   | Identified the ring "Tagh" {rF+ rN+ Will- EV+4 Int+2}
 61081 | WizLab   | Identified the +5 cloak "Toapay" {Will+ Int+6 SInv}
 61085 | WizLab   | Got Golubria's Disquisition on the Traveller
 61097 | WizLab   | Identified the +4 cloak "Samy" {rC+ Will+ Str-2 Int+5}
 61166 | WizLab   | Found a transporter.
 61757 | Depths:3 | Found Etonousm's Book Emporium.
 61772 | Depths:3 | Paralysed by a floating eye for 4 turns
 61979 | Depths:3 | Learned a level 2 spell: Blink
 61985 | Depths:3 | Learned a level 5 spell: Silence
 62331 | Depths:3 | Reached skill level 5 in Evocations
 62871 | Depths:3 | Noticed a dread lich
 62903 | Depths:3 | Reached skill level 10 in Dodging
 62904 | Depths:3 | Killed a dread lich
 62905 | Depths:3 | Reached XP level 26. HP: 241/254 MP: 18/29
 62918 | Depths:3 | Got the Papyrus of Evil Magic
 62998 | Depths:3 | Found a one-way gate leading to the halls of Pandemonium.
 64457 | Depths:5 | Entered Level 5 of the Depths
 64978 | Depths:5 | Found a gate to the Realm of Zot.
 65699 | Depths:4 | Reached XP level 27. HP: 195/261 MP: 25/29
 65997 | Depths:5 | Noticed Frederick
 66006 | Depths:5 | Killed Frederick
 66007 | Depths:5 | Reached skill level 15 in Armour
 66009 | Depths:5 | Found a gateway to a ziggurat.
 66011 | Depths:5 | Paralysed by a floating eye for 4 turns
 66021 | Depths:5 | Paralysed by a floating eye for 3 turns
 66309 | Depths:5 | Found a hazy altar of Hepliaklqana.
 66524 | Depths:5 | Found Qaaduaso's Book Shop.
 66525 | Depths:5 | Found Athrup's Jewellery Shoppe.
 66525 | Depths:5 | Found Wufil's Jewellery Shoppe.
 66535 | Depths:5 | Bought the amulet of the Air {Inacc Air Fly rElec RMsl} for
                  | 676 gold pieces
 66535 | Depths:5 | Found the amulet of the Air {Inacc Air Fly rElec RMsl}
 66592 | Depths:5 | Found a hazy altar of Hepliaklqana.
 66852 | Depths:5 | Found a gateway to a ziggurat.
 67038 | Depths:5 | Found Qaaduaso's Book Shop.
 67039 | Depths:5 | Found Athrup's Jewellery Shoppe.
 67039 | Depths:5 | Found Wufil's Jewellery Shoppe.
 67221 | Depths:5 | Found a gateway to a ziggurat.
 67285 | Depths:5 | Found a gate to the Realm of Zot.
 67317 | Depths:5 | Found a hazy altar of Hepliaklqana.
 67704 | Depths:5 | Found Qaaduaso's Book Shop.
 67705 | Depths:5 | Found Athrup's Jewellery Shoppe.
 67705 | Depths:5 | Found Wufil's Jewellery Shoppe.
 67740 | Zot:1    | Entered Level 1 of the Realm of Zot
 68276 | Zot:3    | Found a transporter.
 68278 | Zot:3    | Identified the +0 tower shield "Uphuzu" {Will+ Int+4}
 68279 | Zot:3    | Noticed Umnobb's ghost (master GnFi)
 68613 | Zot:3    | Acquired 702 gold pieces
 68624 | Zot:3    | Noticed an ancient lich
 68624 | Zot:3    | Found a transporter.
 68710 | Zot:3    | You are sucked into a shaft and drop 1 floor!
 68792 | Zot:4    | Reached skill level 15 in Dodging
 68911 | Zot:4    | Acquired 319 gold pieces
 70338 | Zot:5    | Entered Level 5 of the Realm of Zot
 71329 | Zot:5    | Noticed an ancient lich
 71361 | Zot:5    | Killed an ancient lich
 71365 | Zot:5    | Noticed a dread lich
 71388 | Zot:5    | Killed a dread lich
 71396 | Zot:5    | Noticed a dread lich
 71410 | Zot:5    | Killed a dread lich
 71442 | Zot:5    | Noticed an orb of fire
 71446 | Zot:5    | Noticed a dread lich
 71449 | Zot:5    | Noticed a dread lich
 71450 | Zot:5    | Killed an orb of fire
 71458 | Zot:5    | Killed a dread lich
 71463 | Zot:5    | Killed a dread lich
 71627 | Zot:5    | Noticed an orb of fire
 71861 | Zot:5    | Noticed an orb of fire
 71884 | Zot:5    | Killed an orb of fire
 71902 | Zot:5    | Killed an orb of fire
 72369 | Zot:5    | Got the Orb of Zot
 72490 | Zot:1    | Found a transporter.
 73116 | D:2      | Noticed Yfue the pandemonium lord
 73216 | D:$      | Escaped with the Orb!

Illustrated notes

Levels and vault maps discovered:
D:1:      kilobyte_arrival_exit_the_forest, layout_basic
D:2:      cheibrodos_fertilizer, layout_basic,
          shapermc_ecumenical_altar_starsandcircs
D:3:      layout_basic, minmay_misc_feat_diagonals, kennysheep_crisscross,
          minmay_joined_circles, uniq_sigmund, uniq_ijyb, uniq_robin,
          uniq_grinder
D:4:      layout_rooms, kennysheep_little_box, nicolae_uskayaw_en_pointe,
          serial_bayou, serial_bayou_shore_a, serial_bayou_ford_a,
          serial_bayou_lagoon_a, serial_bayou_pond_c, chequers_big_river,
          hex_tiny
D:5:      minmay_chambers_of_fours, layout_loops_ring, tso_metal_star,
          mainiacjoe_overflow_cross_hatched, minmay_shop_enchanted_jewellery,
          nrook_uturn
D:6:      layout_basic, kennysheep_mini
D:7:      layout_basic, grunt_temple_overflow_growth_and_decay,
          minmay_temple_entry_tees, small_statue_alley_b, uniq_maggie
D:8:      layout_loops_ring, minitemple, gammafunk_ghost_spectres, uniq_psyche
D:9:      layout_roguey, minivault_26
D:10:     layout_roguey, lemuel_crystal_altar, uniq_urug
D:11:     layout_grid_maze, zombieorc2_lemuel, minivault_16, slow_altar_1
D:12:     layout_loops_ring, serial_shops, bzr_in_the_mist,
          minmay_fractal_squares_5, uniq_maurice
D:13:     layout_rooms, david_vaults_1, special_room [special_room_orc],
          uniq_sonja
D:14:     nzn_winding_woodlands_medium [nzn_winding_woodlands_5x5_cross,
          nzn_winding_woodlands_5x15_default,
          nzn_winding_woodlands_5x5_open_star,
          nzn_winding_woodlands_5x5_perimeter,
          nzn_winding_woodlands_center_diamonds,
          nzn_winding_woodlands_5x5_default, nzn_winding_woodlands_5x5_default,
          nzn_winding_woodlands_5x15_eye, nzn_winding_woodlands_hourglass],
          layout_gridville, serial_shops, shop, nicolae_shop_window_shopping,
          nicolae_shop_trees, nicolae_square_shop, nicolae_stop_n_shop_1,
          infiniplex_staircase_trident, hangedman_tell_no_tales, uniq_rupert,
          uniq_agnes
D:15:     grunt_enter_depths_giant_problem, layout_gridville,
          serial_park_tiny_1, minivault_8
Temple:   nicolae_temple_hex_pool
Lair:1:   layout_hall_layers, patterned_corridor
Lair:2:   layout_cave_pods, minmay_swamp_entry_swarm,
          nicolae_volcano_entry_s_turn, grunt_forest_small_clearing_treed
Lair:3:   dpeg_oklob_gauntlet, layout_small_grid, minmay_holes,
          minmay_lair_oklob_chamber, grunt_megastairs_4
Lair:4:   layout_cave_pods, nicolae_spider_entry_orb_guardian,
          gauntlet_entry_generic, grunt_forest_stairs_basic,
          lemuel_old_faithful, lemuel_fruit_fields, uniq_snorg
Lair:5:   layout_cave_pods, nicolae_slime_entry_slimehenge, gammafunk_ghost_icy,
          lemuel_fruit_fields, infiniplex_staircase_pool_2, lemuel_fruit_tree,
          serial_bayou_shore_b
Lair:6:   wormcave, layout_big_grid, guppyfry_lair_end_dragon, lookout_lair_type
Swamp:1:  layout_basic_swamp, nicolae_swamp_small_spring, swamp_pool5,
          nicolae_swamp_soggy_hallways
Swamp:2:  layout_basic_swamp, hangedman_swamp_ruin_hall
Swamp:3:  layout_basic_swamp, ebering_ghost_disaster_area,
          nicolae_swamp_orc_logging_accident, swamp_pool1, uniq_bai_suzhen
Swamp:4:  swamp, layout_basic_swamp, swamp_pool1
Spider:1: layout_spider_delve, uniq_frances
Spider:2: nicolae_spider_hilbert_zone_5 [nicolae_spider_hilbert_3_sides_1_open,
          nicolae_spider_hilbert_4_sides_1_open,
          nicolae_spider_hilbert_4_sides_1_open,
          nicolae_spider_hilbert_6_sides_1_open,
          nicolae_spider_hilbert_6_sides_1_open], nicolae_spider_cling_ruins,
          uniq_donald
Spider:3: layout_spider_delve, uniq_roxanne, uniq_kirke
Spider:4: grunt_spider_rune_circles, ebering_ghost_rock_garden, uniq_arachne,
          uniq_aizul, uniq_asterion
Orc:1:    layout_diamond_mine, portal_ice_cave_entry_imps, basic_altar,
          kennysheep_orc_sif_temple
Orc:2:    st_orc_open, layout_caves, serial_shops, shop,
          biasface_ghost_orc_armoury
Elf:1:    elf_arrival_001, layout_geoelf_octagon, minmay_elf_annihilation,
          minmay_shop_star
Elf:2:    nicolae_elf_blades_crystal_corner, layout_geoelf_diagonals,
          ebering_ghost_inner_flame
Elf:3:    minmay_elf_hall_statues, layout_loops_corners, serial_shops, shop,
          kilobyte_mutagenic_chamber
Vaults:1: nicolae_vaults_sealed_display, v_alt_pattern_5,
          nicolae_vaults_inception_corners, ontoclasm_vaults_ring_large,
          ontoclasm_vaults_claustrophobia, hangedman_vaults_stagger,
          ontoclasm_vaults_ligature, v_misc_9, hellmonk_guarded_unrand_gong,
          grunt_vaults_bifocal, v_misc_10, vaults_dpeg_hooks, serial_ice_b,
          layout_vaults_omnibox
Vaults:2: vaults_standard_mumra_x, minmay_crypt_entry_nasty_monster,
          nicolae_vaults_little_squares_5, vaults_dpeg_spiral,
          ontoclasm_vaults_hangar, hangedman_vaults_maws,
          nicolae_vaults_little_squares_3, layout_vaults_omnigrid
Vaults:3: ontoclasm_vaults_gateway, v_misc_31, hangedman_vaults_stream,
          nicolae_vaults_triangles, v_pattern_1, vaults_room_large_hall,
          grunt_vaults_hallway_long, v_misc_9, ontoclasm_vaults_misaligned,
          vaults_room_door_ring, dpeg_vaults_monster_box,
          nicolae_vaults_circle_grid_a, vaults_room_grid,
          nicolae_vaults_quartermaster, v_misc_16, layout_vaults_maze_bifur
Vaults:4: gammafunk_vaults_ghost_spectres, hangedman_vaults_trim,
          nicolae_vaults_quadrants, v_alt_pattern_1, nicolae_vaults_theta,
          v_alt_pattern_1, ontoclasm_vaults_eye, v_pattern_5,
          ontoclasm_vaults_chip, nicolae_vaults_theta,
          nicolae_vaults_windows_and_doors_thing, layout_vaults_ring
Vaults:5
Depths:1: layout_forbidden_donut, lightli_too_deep, nicolae_ashenzari_skybound,
          roderic_lattice_octagonal_star, minmay_shoptagon,
          kennysheep_random_hallway, serial_bayou_shore_b, serial_bayou_shore_b
Depths:2: hangedman_arrow_trap, layout_gridville, hangedman_abyss_entry_splay,
          hell_entry, dk_noncrumbling_4, mu_enter_wizlab_3, moated_statue,
          serial_bayou_shore_b, uniq_sojobo
Depths:3: cell_vault, layout_cave_pools, pf_coc_iceberg, rand_demon_pan_entry_7,
          good_gods_temple_1, special_room [special_room_morgue], serial_shops,
          nicolae_shop_stone, abyss_entry, kennysheep_generic_room_2,
          uniq_margery
Depths:4: cheibrodos_birdhouse, layout_basic, grunt_pan_entry_sceptre,
          pf_vacation_house_of_asmodeus, abyss_entry_small_statue_room
Depths:5: grunt_crosshair, layout_cave_shapes, enter_ziggurat_c,
          grunt_hell_entry_dis_old, nicolae_hepliaklqana_hazy_memory,
          elyvilon_altar_1, minmay_shop_grove, uniq_frederick
Zot:1:    gammafunk_its_a_trap, layout_gridlike
Zot:2:    layout_misc_corridors, grunt_megastairs_3
Zot:3:    layout_onion_interference, gammafunk_ghost_abyssal_escape
Zot:4:    layout_twisted_circle, hangedman_snap_crack_crunch
Zot:5:    layout_gridlike, st_stairs_4

Skill      XL: |  1  2  3  4  5  6  7  8  9 10 11 12 13 14 15 16 17 18 19 20 21 22 23 24 25 26 27 |
---------------+----------------------------------------------------------------------------------+-----
Dodging        | 2 3 4 5 6 7 8 10 13 19 | 19.3
Unarmed Combat | 3 4 5 6 7 8 10 11 12 14 15 17 19 21 22 23 25 26 27 | 27.0
Fighting       | 4 5 6 7 9 10 12 16 20 23 24 | 24.0
Shields        | 2 3 4 6 10 12 15 | 15.0
Invocations    | 4 5 7 10 | 10.0
Throwing       | 3 5 9 |  9.0
Stealth        | 6 8 10 | 10.0
Armour         | 1 10 11 12 14 20 | 20.3
Evocations     | 6 7 |  7.4

Action                   |  1- 3 |  4- 6 |  7- 9 | 10-12 | 13-15 | 16-18 | 19-21 | 22-24 | 25-27 || total
-------------------------+-------+-------+-------+-------+-------+-------+-------+-------+-------++-------
Melee: Unarmed           |    13 |    89 |   525 |   828 |  1316 |  2091 |  1566 |  1341 |  2129 ||  9898
       Punch             |     1 |     2 |     3 |       |       |       |       |       |       ||     6
Throw: Dart              |       |       |       |     5 |     4 |       |       |       |     6 ||    15
Invok: Minor Destruction |       |       |       |     4 |       |       |       |       |       ||     4
       Major Destruction |       |       |       |     3 |     3 |       |       |       |       ||     6
 Abil: Evoke Blink       |       |       |       |       |       |     3 |     1 |       |     4 ||     8
Evoke: Wand              |       |       |     3 |     3 |    14 |    16 |     2 |       |    22 ||    60
       Condenser vane    |       |       |       |       |       |     1 |     3 |     2 |     3 ||     9
  Use: Potion            |     1 |     1 |       |       |     2 |     6 |       |     2 |    14 ||    26
       Scroll            |       |       |       |    16 |    19 |     9 |     4 |     5 |    17 ||    70
 Stab: Sleeping          |       |     1 |    15 |     8 |    36 |    17 |    27 |    19 |    37 ||   160
       Distracted        |       |       |     1 |     1 |     8 |     4 |     3 |     3 |     4 ||    24
       Fleeing           |       |       |       |     1 |       |       |       |       |       ||     1
       Paralysed         |       |       |       |       |       |     4 |       |       |       ||     4
       Confused          |       |       |       |       |       |     3 |       |       |       ||     3
Armor: Leather armour    |     3 |    16 |    31 |       |       |       |       |       |       ||    50
       Swamp dragon scal |       |       |    86 |   325 |   592 |   954 |   381 |   295 |   632 ||  3265
       Steam dragon scal |       |       |     7 |       |       |       |       |       |       ||     7
       Troll leather arm |       |       |       |       |     4 |       |       |       |       ||     4
       Fire dragon scale |       |       |       |       |       |       |       |    58 |       ||    58
Dodge: Dodged            |     8 |    52 |   254 |   445 |   711 |  1475 |   534 |   473 |  1021 ||  4973
       Repelled          |       |       |       |       |       |       |       |       |    39 ||    39
Block: Buckler           |       |       |    57 |   175 |   447 |  1002 |       |       |       ||  1681
       Reflection        |       |       |       |       |    15 |    17 |    66 |    27 |       ||   125
       Kite shield       |       |       |       |       |       |   259 |   878 |   718 |  1114 ||  2969
